 Dungeon Crawl Stone Soup version 0.28.0-62-gf88900778d (webtiles) character file.

Game seed: 13826346905501686360

497 cbfl8 the Chopper (level 6, -2/56 HPs)
             Began as a Minotaur Berserker on May 20, 2023.
             Was a Believer of Trog.
             Slain by an orc wizard
             ... wielding a +0 hand axe
              (4 damage)
             ... on level 4 of the Dungeon.
             The game lasted 00:02:45 (3341 turns).

cbfl8 the Chopper (Minotaur Berserker)              Turns: 3341, Time: 00:02:46

Health: -2/56      AC: 13    Str: 21    XL:     6   Next: 93%
Magic:  5/5        EV: 11    Int:  4    God:    Trog [**....]
Gold:   140        SH:  0    Dex: 12    Spells: 5/5 levels left

rFire   . . .      SeeInvis .   a - +0 hand axe
rCold   . . .      Faith    .   (no shield)
rNeg    . . .      Spirit   .   j - +6 scale mail of Naynkeq {Rampage}
rPois   .          Reflect  .   (helmet restricted)
rElec   .          Harm     .   (no cloak)
rCorr   .          Rampage  +   (no gloves)
Will    .....                   (no boots)
Stlth   ..........              (no amulet)
HPRegen 0.18/turn               (no ring)
MPRegen 0.09/turn               (no ring)

@: on berserk cooldown, slowed, very slow
A: horns 2, retaliatory headbutt
a: Renounce Religion, Berserk, Trog's Hand


You were on level 4 of the Dungeon.
You worshipped Trog.
Trog was pleased with you.
You visited 1 branch of the dungeon, and saw 4 of its levels.

You collected 192 gold pieces.
You spent 52 gold pieces at shops.

Inventory:

Hand Weapons
 a - a +0 hand axe (weapon)
Armour
 j - the +6 scale mail of Naynkeq (worn) {Rampage}
   (You found it on level 3 of the Dungeon)

   Rampage:   It bestows one free step when moving towards enemies.
Wands
 l - a wand of iceblast (7)
Scrolls
 b - 4 scrolls of identify {unknown}
 c - 2 scrolls of teleportation {unknown}
 e - a scroll of magic mapping {unknown}
 h - a scroll of immolation {unknown}
 m - a scroll of silence {unknown}
Potions
 d - a potion of curing {unknown}
 f - a potion of heal wounds {unknown}
 g - a potion of haste {unknown}
 i - 2 potions of flight {unknown}
 k - a potion of might


   Skills:
 + Level 5.1 Fighting
 + Level 6.2 Axes
 + Level 5.1 Armour
 + Level 3.9 Dodging
 + Level 0.9 Stealth


You had 5 spell levels left.
You didn't know any spells.
Your spell library was empty.

Dungeon Overview and Level Annotations

Branches:
Dungeon (4/15)
 Temple: D:4-7

Altars:

Shops:
D:1 *   D:3 !


Innate Abilities, Weirdness & Mutations

You have a pair of horns on your head.
You reflexively headbutt those who attack you in melee.


Message History

The orc shouts!
You hit the orc priest but do no damage.
Your headbutt misses the orc priest. The orc hits you but does no damage.
The orc priest looks encouraged for a moment.
Something hits you but does no damage.
Unknown command.
You hit the orc priest. Your headbutt misses the orc priest.
The orc priest is moderately wounded.
You closely miss something. The orc closely misses you.
The orc priest barely misses you.
You hear some strange, mumbled words.
A puff of flame appears from out of thin air!
The puff of flame hits you but does no damage.
The orc hits you but does no damage.
The orc priest hits you with a +0 flail!
You closely miss the orc priest.
The orc priest is moderately wounded.
You hit something but do no damage.
You hear some strange, mumbled words.
A puff of flame appears from out of thin air!
The puff of flame hits you. The orc barely misses you.
The orc priest barely misses you. You furiously retaliate!
You headbutt the orc priest. Something hits you but does no damage.
You hit the orc priest but do no damage.
The orc priest is heavily wounded.
You closely miss something.
The orc hits you from afar with a +0 vorpal trident.
* * * LOW HITPOINT WARNING * * *
x2 The orc priest miscasts a cantrip.
Something hits you but does no damage. The orc hits you but does no damage.
The orc priest closely misses you.
You hit the orc priest. Your headbutt misses the orc priest.
The orc priest is almost dead.
You hit something but do no damage. Something hits you but does no damage.
The orc hits you but does no damage.
The orc priest mumbles some strange prayers to Beogh against you.
Beogh smites you!
* * * LOW HITPOINT WARNING * * *
Something hits you.
You die...

#######################.
....................!...
################.)......
#.#####.. #))......
#######).####.#
.......{.# ######.@.#
##o.# o..# ##..# #..#
#... .... ##.#.


You could see an orc priest and an orc.

Vanquished Creatures
  Sigmund (D:4)
  A water moccasin (D:4)
  An orc priest (D:4)
  An orc wizard (D:4)
  A hound skeleton (D:3)
  4 adders (D:3)
  4 gnolls (D:2)
  A worm (D:2)
  A dart slug (D:4)
  6 orcs
  5 endoplasms
  7 giant cockroaches
  8 hobgoblins
  4 jackals (D:2)
  3 quokkas
  4 ball pythons
  5 bats (D:1)
  3 frilled lizards
  12 goblins
  9 kobolds
  5 rats
86 creatures vanquished.

Notes
Turn   | Place    | Note
-------+----------+-------------------------------------------
     0 | D:1      | cbfl8 the Minotaur Berserker began the quest for the Orb.
     0 | D:1      | Reached XP level 1. HP: 19/19 MP: 0/0
     3 | D:1      | Found Gixkel's General Store.
   304 | D:1      | Reached XP level 2. HP: 27/27 MP: 1/1
   319 | D:1      | Reached skill level 4 in Axes
   689 | D:1      | Found a faded altar of an unknown god.
   933 | D:2      | Reached XP level 3. HP: 33/33 MP: 2/2
  1133 | D:2      | Reached ** piety under Trog
  1144 | D:2      | Reached XP level 4. HP: 6/41 MP: 3/3
  2605 | D:3      | Reached XP level 5. HP: 38/47 MP: 4/4
  2812 | D:3      | Reached skill level 5 in Axes
  2853 | D:3      | Found Goxiv's Distillery.
  2870 | D:3      | Identified the +6 scale mail of Naynkeq {Rampage}
  3048 | D:3      | Bought a potion of might for 52 gold pieces
  3102 | D:4      | Noticed Sigmund
  3113 | D:4      | Killed Sigmund
  3114 | D:4      | Reached XP level 6. HP: 50/55 MP: 5/5
  3320 | D:4      | Noticed a water moccasin
  3332 | D:4      | Killed a water moccasin
  3333 | D:4      | Reached skill level 5 in Fighting
  3333 | D:4      | Reached skill level 6 in Axes
  3333 | D:4      | Reached skill level 5 in Armour
  3341 | D:4      | HP: 2/56 [orc priest/divine providence (9)]
  3341 | D:4      | Slain by an orc wizard

Illustrated notes

Levels and vault maps discovered:
D:1:      enne_arrival_octagon_isle, layout_rooms,
          dilly_ecumenical_altar_fadedgnrine, serial_shops, shop
D:2:      layout_basic, serial_aquarium, aquarium_bridge_straight
          [aquarium_subvault_bridge, aquarium_subvault_window,
          aquarium_subvault_bridge, aquarium_subvault_window],
          aquarium_bridge_long_joined [aquarium_subvault_bridge,
          aquarium_subvault_wall, aquarium_subvault_wall,
          aquarium_subvault_bridge, aquarium_subvault_balcony,
          aquarium_subvault_bridge], aquarium_window_double, aquarium_window_1,
          aquarium_window_fake, aquarium_view_4, aquarium_view_2d,
          aquarium_pool_corner, minivault_23
D:3:      layout_rooms, serial_shops, nicolae_shop_hallway_plus,
          minmay_misc_feat_cross
D:4:      layout_basic, uniq_sigmund

Skill      XL: |  1  2  3  4  5  6 |
---------------+-------------------+-----
Fighting       | 4 5 |  5.1
Axes           | 4 5 6 |  6.2
Dodging        | 3 |  3.9
Armour         | 3 4 5 |  5.1
Stealth        | |  0.9

Action                   |  1- 3 |  4- 6 || total
-------------------------+-------+-------++-------
Melee: Hand axe          |    83 |   117 ||   200
       Headbutt          |    10 |    22 ||    32
Invok: Berserk           |     1 |     1 ||     2
Armor: Ring mail         |    31 |    24 ||    55
       Animal skin       |     1 |       ||     1
       Scale mail        |       |    24 ||    24
Dodge: Dodged            |    58 |    82 ||   140
